 Dungeon Crawl Stone Soup version 0.26.0-57-g60708a5e39 (console) character file.

Game seed: 4780826490872794045

1080 om the Insei (level 8, 0/60 HPs)
             Began as a Gnoll Transmuter on Feb 1, 2021.
             Killed from afar by a starcursed mass (8 damage)
             ... with an accursed screaming
             ... on level 2 of the Abyss.
             The game lasted 00:12:37 (5326 turns).

om the Insei (Gnoll Transmuter)                     Turns: 5326, Time: 00:12:38

Health: 0/60       AC:  6    Str: 14      XL:     8   Next: 29%
Magic:  17/17      EV: 13    Int: 16      God:
Gold:   207        SH:  8    Dex: 14 (16) Spells: 13/19 levels left

rFire    + + .     SeeInvis .   n - +1 dagger (venom)
rCold    + + .     Faith    .   y - +0 kite shield
rNeg     . . .     Spirit   .   a - +0 robe
rPois    +         Reflect  .   (no helmet)
rElec    +         Harm     .   h - +2 cloak
rCorr    +         Rampage  .   (no gloves)
Will     .....                  x - +0 pair of boots
Stlth    ++........             (no amulet)
HPRegen  0.20/turn              j - ring of protection from cold
MPRegen  0.15/turn              o - ring of protection from fire

@: resistant
A: distributed training, fangs 1, strong nose
a: no special abilities


You were on level 2 of the Abyss.
You visited 1 branch of the dungeon, and saw 4 of its levels.
You visited the Abyss 1 time.

You collected 372 gold pieces.
You spent 165 gold pieces at shops.

Inventory:

Hand Weapons
 b - a +0 club
 f - a +0 whip
 l - a +1 morningstar of distortion
 n - a +1 dagger of venom (weapon)
 r - a +0 mace of protection
Armour
 a - a +0 robe (worn)
 h - a +2 cloak (worn)
 w - a +0 chain mail
 x - a +0 pair of boots (worn)
 y - a +0 kite shield (worn)
Jewellery
 j - a ring of protection from cold (left hand)
 o - a ring of protection from fire (right hand)
Scrolls
 c - a scroll of magic mapping
 e - 2 scrolls of enchant armour {unknown}
 k - 2 scrolls of remove curse {unknown}
 p - a scroll of brand weapon {unknown}
 u - a scroll of fog {unknown}
Potions
 d - 3 potions of curing
 g - 2 potions of magic
 i - a potion of cancellation
 q - 5 potions of flight


   Skills:
 + Level 4.1 Fighting
 + Level 3.1 Short Blades
 + Level 3.1 Long Blades
 + Level 3.1 Axes
 + Level 3.1 Maces & Flails
 + Level 3.1 Polearms
 + Level 3.1 Staves
 + Level 3.1 Slings
 + Level 3.1 Bows
 + Level 3.1 Crossbows
 + Level 3.1 Throwing
 + Level 3.1 Armour
 + Level 5.6 Dodging
 + Level 3.1 Stealth
 + Level 3.1 Shields
 + Level 7.3 Unarmed Combat
 + Level 6.0 Spellcasting
 + Level 2.5 Conjurations
 + Level 2.5 Hexes
 + Level 2.5 Summonings
 + Level 2.5 Necromancy
 + Level 2.5 Translocations
 + Level 4.6 Transmutations
 + Level 2.5 Fire Magic
 + Level 2.5 Ice Magic
 + Level 2.5 Air Magic
 + Level 2.5 Earth Magic
 + Level 2.5 Poison Magic
 + Level 3.4 Invocations
 + Level 3.1 Evocations


You had 13 spell levels left.
You knew the following spells:

 Your Spells              Type           Power        Failure   Level
a - Beastly Appendage     Tmut           38%          10%         1
b - Wereblood             Tmut           19%          14%         2
c - Spider Form           Tmut/Pois      8%           41%         3

Your spell library contained the following spells:

 Spells                   Type           Power        Failure   Level
 Animate Skeleton         Necr           26%          22%         1
 Apportation              Tloc           26%          22%         1
 Corona                   Hex            14%          22%         1
 Summon Small Mammal      Summ           52%          22%         1
 Ice Form                 Ice/Tmut       16%          82%         4
 Blade Hands              Tmut           9%           95%         5


Dungeon Overview and Level Annotations

Branches:
Dungeon (4/15)
 Temple: D:4-7

Altars:
Ashenzari
Okawaru

Shops:
D:4 *

Portals:
Abyss: D:3

Annotations:
D:3 1 transporter


Innate Abilities, Weirdness & Mutations

Your experience applies equally to all skills.
You have very sharp teeth.
Your uncanny sense of smell can sniff out nearby items.


Message History

You hit the starcursed mass but do no damage.
A starcursed mass splits.
A deafening chorus of shrieks assaults your mind!
You suddenly lose the ability to move!
The starcursed mass engulfs you!
The starcursed mass engulfs you but does no damage.
A starcursed mass splits.
A deafening chorus of shrieks assaults your mind!
The starcursed mass engulfs you!
* * * LOW HITPOINT WARNING * * *
You can move again.
You hit the starcursed mass.
The starcursed mass is lightly damaged.
The starcursed mass shudders and is absorbed by its neighbour.
A chorus of shrieks assaults your mind.
* * * LOW HITPOINT WARNING * * *
You are too injured to fight recklessly!
You completely miss the starcursed mass.
The starcursed mass is lightly damaged.
A deafening chorus of shrieks assaults your mind!
You die...

# . . ... . #..# ##
#..# # . .. #.. ..#..
.#.. .. ..# ..#..... #
# #. #.. ####..# #..
#####. .# .#
##.#.#.#..###
##...#...#.#∩##. .
#####.# #..## # ..## #
#.XXX@#....#..# . .# #
##.X#.#.........#....
#.X##.................
##. ..#..##..#.... .#.
. #.##...#.#..#..# ##
.#.. .#.## #... .#..
#. ##..#...# .#....##
# #. ## .... ..# ..# #
.## .. ## . .


You could see 5 starcursed masses.

Vanquished Creatures
  Pikel (D:4)
  2 phantoms (D:4)
  A lemure (D:4)
  A scorpion (D:4)
  The ghost of kaeus the Ruffian, a weakling DrTm (D:3)
  A quasit (D:3)
  2 orc priests (D:4)
  A centaur skeleton (D:3)
  An iron imp (D:3)
  2 worker ants (D:4)
  A howler monkey skeleton (D:4)
  6 adders
  2 shadow imps (D:3)
  An ooze (D:4)
  4 worms
  A dart slug (D:4)
  A leopard gecko (D:3)
  9 orcs
  4 giant cockroaches
  4 goblins
  7 hobgoblins
  4 jackals (D:2)
  5 kobolds
  A quokka (D:2)
  9 bats
  6 frilled lizards
  7 rats
85 creatures vanquished.

Vanquished Creatures (others)
  A fungus (D:3)
  4 toadstools (D:3)
5 creatures vanquished.

Grand Total: 90 creatures vanquished

Notes
Turn   | Place    | Note
-------+----------+-------------------------------------------
     0 | D:1      | om the Gnoll Transmuter began the quest for the Orb.
     0 | D:1      | Reached XP level 1. HP: 17/17 MP: 6/6
   436 | D:1      | Reached XP level 2. HP: 23/23 MP: 5/7
  1371 | D:2      | Reached XP level 3. HP: 25/28 MP: 7/9
  1377 | D:2      | Reached skill level 5 in Spellcasting
  1387 | D:2      | Learned a level 2 spell: Wereblood
  1391 | D:2      | Learned a level 3 spell: Spider Form
  1408 | D:2      | Reached skill level 1 in Invocations
  1958 | D:2      | Reached skill level 1 in Short Blades
  1958 | D:2      | Reached skill level 1 in Long Blades
  1958 | D:2      | Reached skill level 1 in Axes
  1958 | D:2      | Reached skill level 1 in Maces & Flails
  1958 | D:2      | Reached skill level 1 in Polearms
  1958 | D:2      | Reached skill level 1 in Staves
  1958 | D:2      | Reached skill level 1 in Slings
  1958 | D:2      | Reached skill level 1 in Bows
  1958 | D:2      | Reached skill level 1 in Crossbows
  1958 | D:2      | Reached skill level 1 in Throwing
  1958 | D:2      | Reached skill level 1 in Armour
  1958 | D:2      | Reached skill level 1 in Stealth
  1958 | D:2      | Reached skill level 1 in Shields
  1958 | D:2      | Reached skill level 1 in Evocations
  2148 | D:2      | Reached XP level 4. HP: 34/34 MP: 11/11
  2642 | D:3      | Found a transporter.
  2649 | D:3      | Reached skill level 1 in Conjurations
  2649 | D:3      | Reached skill level 1 in Hexes
  2649 | D:3      | Reached skill level 1 in Summonings
  2649 | D:3      | Reached skill level 1 in Necromancy
  2649 | D:3      | Reached skill level 1 in Translocations
  2649 | D:3      | Reached skill level 1 in Fire Magic
  2649 | D:3      | Reached skill level 1 in Ice Magic
  2649 | D:3      | Reached skill level 1 in Air Magic
  2649 | D:3      | Reached skill level 1 in Earth Magic
  2649 | D:3      | Reached skill level 1 in Poison Magic
  2671 | D:3      | Found the +8 demon trident "Rift" {distort, reach+}
  2682 | D:3      | Noticed a big kobold
  2715 | D:3      | Found a transporter.
  2719 | D:3      | Found a one-way gate to the infinite horrors of the Abyss.
  2721 | D:3      | Noticed kaeus's ghost (weakling DrTm)
  2792 | D:3      | Reached XP level 5. HP: 19/40 MP: 10/12
  3174 | D:3      | Found an iron altar of Okawaru.
  3174 | D:3      | Found a broken altar of Ashenzari.
  3674 | D:4      | Found Derphibi's Assorted Antiques.
  3681 | D:4      | Bought a scroll of identify for 56 gold pieces
  3681 | D:4      | Bought a viscous golden potion for 25 gold pieces
  3681 | D:4      | Bought a scroll labelled HAV DUFRUPY for 28 gold pieces
  3681 | D:4      | Bought a scroll labelled TAVYKIE DENIMN for 28 gold pieces
  3681 | D:4      | Bought a scroll labelled FAM JEYTAH for 28 gold pieces
  3695 | D:4      | Noticed a phantom
  3731 | D:4      | Killed a phantom
  3732 | D:4      | Reached XP level 6. HP: 34/47 MP: 12/14
  3939 | D:4      | Noticed a phantom
  3941 | D:4      | Noticed Pikel
  3963 | D:4      | Killed Pikel
  3964 | D:4      | Reached skill level 5 in Dodging
  3964 | D:4      | Reached skill level 7 in Unarmed Combat
  3964 | D:4      | Reached XP level 7. HP: 28/53 MP: 12/15
  4005 | D:4      | Reached XP level 8. HP: 15/60 MP: 16/16
  5126 | D:3      | Killed kaeus's ghost
  5203 | D:3      | Cast into level 2 of the Abyss (big kobold)
  5287 | Abyss:2  | Noticed a starcursed mass
  5317 | Abyss:2  | Noticed a starcursed mass
  5322 | Abyss:2  | Paralysed by accursed screaming for 1 turns
  5326 | Abyss:2  | Killed from afar by a starcursed mass

Illustrated notes

Levels and vault maps discovered:
D:1:      lemuel_arrival_tunnels, layout_basic, corner_web_ring,
          minmay_heptomino_l4
D:2:      layout_basic
D:3:      layout_rooms, gammafunk_temple_overflow_statue,
          gammafunk_ghost_abyssal_escape, minmay_gold_behind_fungi
D:4:      layout_basic, serial_shops, nicolae_shop_stone,
          nemelex_xobeh_ov_fountains_minmay, uniq_blork_the_orc, uniq_natasha,
          uniq_pikel
Abyss:2:  base:
D:2

Skill      XL: |  1  2  3  4  5  6  7  8 |
---------------+-------------------------+-----
Spellcasting   | 5 6 |  6.0
Invocations    | 1 2 3 |  3.4
Short Blades   | 1 2 3 |  3.1
Long Blades    | 1 2 3 |  3.1
Axes           | 1 2 3 |  3.1
Maces & Flails | 1 2 3 |  3.1
Polearms       | 1 2 3 |  3.1
Staves         | 1 2 3 |  3.1
Slings         | 1 2 3 |  3.1
Bows           | 1 2 3 |  3.1
Crossbows      | 1 2 3 |  3.1
Throwing       | 1 2 3 |  3.1
Armour         | 1 2 3 |  3.1
Stealth        | 1 2 3 |  3.1
Shields        | 1 2 3 |  3.1
Evocations     | 1 2 3 |  3.1
Conjurations   | 1 2 |  2.5
Hexes          | 1 2 |  2.5
Summonings     | 1 2 |  2.5
Necromancy     | 1 2 |  2.5
Translocations | 1 2 |  2.5
Fire Magic     | 1 2 |  2.5
Ice Magic      | 1 2 |  2.5
Air Magic      | 1 2 |  2.5
Earth Magic    | 1 2 |  2.5
Poison Magic   | 1 2 |  2.5
Fighting       | 3 4 |  4.1
Transmutations | 4 |  4.6
Dodging        | 5 |  5.6
Unarmed Combat | 7 |  7.3

Action                   |  1- 3 |  4- 6 |  7- 9 || total
-------------------------+-------+-------+-------++-------
Melee: Whip              |    31 |       |       ||    31
       Club              |     8 |       |       ||     8
       Unarmed           |     3 |     9 |    11 ||    23
       Headbutt          |     6 |     8 |     4 ||    18
       Kick              |    11 |    10 |     5 ||    26
       Bite              |    12 |     8 |     9 ||    29
       Dagger            |    67 |   107 |   125 ||   299
       Punch             |     2 |     3 |       ||     5
 Cast: Beastly Appendage |     8 |     5 |     4 ||    17
       Wereblood         |       |     1 |       ||     1
       Spider Form       |       |     1 |       ||     1
  Use: Scroll            |       |     9 |     3 ||    12
       Potion            |       |     1 |     4 ||     5
 Stab: Sleeping          |     2 |     3 |     3 ||     8
Armor: Robe              |    40 |    21 |     4 ||    65
       Skin              |       |       |    40 ||    40
       Chain mail        |       |       |    59 ||    59
Dodge: Dodged            |    97 |    67 |    46 ||   210
Block: Kite shield       |       |       |    52 ||    52
